 Dungeon Crawl Stone Soup version 0.31.0-9-g3a7656b989 (webtiles) character file.

Game seed: 652279878251867017

63 qw the Shooter (level 3, -1/29 HPs)
             Began as a Demigod Hunter on Feb 2, 2024.
             Killed from afar by a white imp (9 damage)
             ... with a puff of frost
             ... on level 3 of the Dungeon.
             The game lasted 00:00:05 (1753 turns).

qw the Shooter (Demigod Hunter)                     Turns: 1753, Time: 00:00:06

Health: -1/29      AC:  5    Str: 12    XL:     3   Next: 63%
Magic:  5/5        EV: 12    Int: 11    God:
Gold:   79         SH:  0    Dex: 21    Spells: 2/2 levels left

rFire   . . .        a - +0 shortbow
rCold   . . .        (shield currently unavailable)
rNeg    . . .        c - +0 leather armour
rPois   +            (no helmet)
rElec   .            (no cloak)
rCorr   .            e - +0 pair of gloves
SInv    .            h - +0 pair of boots
Will    .....        (no amulet)
Stlth   ++           (no ring)
HPRegen 0.24/turn    (no ring)
MPRegen 0.09/turn

%: no passive effects
@: no status effects
A: high MP 1, forlorn, divine attributes, poison resistance
a: no special abilities


You were on level 3 of the Dungeon.
You visited 1 branch of the dungeon, and saw 3 of its levels.

You collected 79 gold pieces.


Innate Abilities, Weirdness & Mutations

You have an increased reservoir of magic. (+10% MP)
You shall have no god before yourself.
Your divine heritage dramatically boosts your attributes as you level up.
Your system is resistant to poisons. (rPois)


   Skills:
 - Level 2.0 Fighting
 + Level 4.8 Ranged Weapons
 - Level 2.0 Dodging
 - Level 0.8 Stealth


You had 2 spell levels left.
You didn't know any spells.
Your spell library was empty.

Inventory:

Hand Weapons
 a - a +0 shortbow (weapon)
Armour
 c - a +0 leather armour (worn)
 e - a +0 pair of gloves (worn)
 h - a +0 pair of boots (worn)
Potions
 d - a potion of curing
 f - a potion of might
 g - a potion of mutation

Dungeon Overview and Level Annotations

Branches:
Dungeon (3/15)

Shops:
D:1 =


Message History

You kill the ball python!
A quokka comes into view.
You shoot an arrow. The arrow hits the quokka.
The quokka is heavily wounded.
The quokka twitches its whiskers.
You shoot an arrow. The arrow hits the quokka!
You kill the quokka!
Found a stone staircase leading up.
Found a rapier.
A rat comes into view.
You shoot an arrow. The arrow hits the rat.
You kill the rat!
You see here a +0 rapier.
Found an escape hatch in the floor.
An endoplasm comes into view.
You shoot an arrow. The arrow hits the endoplasm.
You kill the endoplasm!
Found a leather armour.
You see here a +0 leather armour.
A white imp comes into view.
You shoot an arrow. The arrow hits the white imp!
The white imp shouts, "Quit, thou foisting tardy-gaited flap-bat!"
The white imp is almost dead.
You shoot an arrow.
The arrow hits the white imp but does no damage.
The white imp is almost dead.
The white imp gestures at you. The puff of frost hits you!
The white imp gestures at you. The puff of frost misses you.
You shoot an arrow. The arrow closely misses the white imp.
The white imp gestures at you. The puff of frost hits you!
You shoot an arrow. The arrow closely misses the white imp.
The white imp gestures at you. The puff of frost misses you.
You shoot an arrow. The arrow barely misses the white imp.
The white imp gestures at you. The puff of frost hits you!
You die...

#........########.###.....
########.....## #.)##.....
#####..####.##.....
##...##........
###[##........
#.....#.....
######.#.#.....
#######......#.......
#...@...#########....
#..5###### #.... #.. ##...
#. ##.. # #.. .##
#######.. .#. ##........
.... #..#######
#....###.##


You could see a white imp.

Vanquished Creatures
  An adder (D:2)
  2 dart slugs (D:1)
  6 endoplasms
  2 giant cockroaches
  6 goblins
  5 hobgoblins
  A quokka (D:3)
  6 ball pythons
  3 bats
  3 frilled lizards (D:1)
  3 kobolds (D:2)
  10 rats
48 creatures vanquished.

Notes
Turn   | Place    | Note
-------+----------+-------------------------------------------
     0 | D:1      | qw the Demigod Hunter began the quest for the Orb.
     0 | D:1      | Reached XP level 1. HP: 17/17 MP: 3/3
     0 | D:1      | 0 ||| qw: Version: 0.3-a-155-g5e7d8dd
     0 | D:1      | 0 ||| qw: Game counter: 110
     0 | D:1      | 0 ||| qw: Melee chars always use a shield: true
     0 | D:1      | 0 ||| qw: God list: Okawaru
     0 | D:1      | 0 ||| qw: Allow faded altars: false
     0 | D:1      | 0 ||| qw: Do Orc after clearing Dungeon:15 true
     0 | D:1      | 0 ||| qw: Do second Lair branch before Depths: true
     0 | D:1      | 0 ||| qw: Lair rune preference: random
     0 | D:1      | 0 ||| qw: Goals: Normal
     0 | D:1      | 0 ||| PLANNING D:1-11
    63 | D:1      | Reached skill level 4 in Ranged Weapons
    72 | D:1      | Reached XP level 2. HP: 11/24 MP: 4/4
   640 | D:1      | Found Ixeeron's Jewellery Boutique.
   647 | D:1      | 647 ||| SHOPLISTING amulet of regeneration (360 gold, have
                  | 0).
   647 | D:1      | 647 ||| SHOPLISTING ring of fire (300 gold, have 0).
   647 | D:1      | 647 ||| SHOPLISTING ring of ice (300 gold, have 0).
   647 | D:1      | 647 ||| SHOPLISTING ring of positive energy (240 gold, have
                  | 0).
   647 | D:1      | 647 ||| SHOPLISTING ring of protection from cold (300 gold,
                  | have 0).
   838 | D:1      | 838 ||| UPGRADING to +0 pair of gloves.
   843 | D:1      | 843 ||| UPGRADING to +0 pair of boots.
   848 | D:1      | 848 ||| READING scroll labelled BEGREI LOMU.
   848 | D:1      | 848 ||| IDENTIFYING purple potion
   849 | D:1      | 849 ||| DRINKING 2 clear potions.
   850 | D:1      | 850 ||| DRINKING 2 sedimented ruby potions.
   850 | D:1      | Gained mutation: Your system is resistant to poisons.
                  | (rPois) [potion of mutation]
   851 | D:1      | 851 ||| DRINKING 2 smoky coppery potions.
   852 | D:1      | 852 ||| DROPPING scroll of butterflies.
   853 | D:1      | 853 ||| DROPPING potion of brilliance.
   893 | D:2      | 893 ||| STAIRDANCE
   898 | D:2      | 898 ||| STAIRDANCE
   935 | D:2      | Reached XP level 3. HP: 29/29 MP: 5/5
  1502 | D:2      | 1502 ||| READING scroll labelled DEPROD BYRAESI.
  1603 | D:2      | 1603 ||| READING scroll labelled IWIRAG BOPP.
  1751 | D:3      | HP: 7/29 [white imp/puff of frost (12)]
  1753 | D:3      | Killed from afar by a white imp

Levels and vault maps discovered:
D:1:      sevenhm_arrival_forest_fort_large_2, layout_loops_ring, serial_shops,
          nicolae_shop_advertising_works [nicolae_subvault_shop_adworks],
          serial_rivers, chequers_serial_rivers_micro_d,
          chequers_serial_rivers_micro_a, chequers_serial_rivers_room_b,
          chequers_serial_rivers_micro_d, chequers_serial_rivers_marsh
D:2:      layout_loops_ring
D:3:      layout_rooms, st_stairs_4

Skill      XL: |  1  2  3 |
---------------+----------+-----
Ranged Weapons | 4 |  4.8
Fighting       | 2 |  2.0
Dodging        | 2 |  2.0
Stealth        | |  0.8

Action                     || total
---------------------------++-------
   Fire: Shortbow          ||   120
    Use: Potion            ||     3
         Scroll            ||     3
 Armour: Leather armour    ||    30
  Dodge: Dodged            ||    39

Table legend:
 A = Non-vault XP
 B = Vault XP
 C = Vault XP percentage of total XP
 D = Non-vault monster count
 E = Vault monster count
 F = Vault count percentage of total count
                 A         B        C        D         E       F
            +---------+---------+-------+---------+---------+-------
      Total |      91 |       0 |   0.0 |      48 |       0 |   0.0
            +---------+---------+-------+---------+---------+-------
        D:1 |      39 |       0 |   0.0 |      22 |       0 |   0.0
        D:2 |      42 |       0 |   0.0 |      20 |       0 |   0.0
        D:3 |      10 |       0 |   0.0 |       6 |       0 |   0.0
            +---------+---------+-------+---------+---------+-------
